Map: Orbital Shipyard

Players

Rose - Winner!

  • Race: Terran Terran
  • League: Master

MorN

  • Race: Terran Terran
  • League: Master

VOD

Have the link to the VOD?

Description

Time

  • Played on: Nov. 23, 2015, 8:10 p.m.
  • Length: 9:13
Show
View Real Time Build Order
Export as new Build Order

Rose Terran - Winner!

Build Orders: Reaper Expand 

Get SALT Encoding   

  12  0:00  SCV  
  13  0:12  SCV  
  14  0:17  Supply Depot  
  14  0:25  SCV  
  15  0:39  SCV  
  15  0:40  Barracks  
  16  0:46  Refinery  
  16  0:51  SCV  
  17  1:03  SCV  
  18  1:15  SCV  
  19  1:27  Orbital Command  
  19  1:30  Reaper  
  20  1:46  Command Center  
  21  1:54  SCV  
  21  1:55  Refinery  
  21  2:01  Supply Depot  
  21  2:11  SCV  
  21  2:12  Barracks Reactor  
  22  2:22  Factory  
  22  2:31  Supply Depot  
  22  2:42  SCV  
  23  2:46  Supply Depot  
  23  2:52  Marine x2  
  23  2:58  SCV  
  26  2:59  Orbital Command  
  26  3:06  Starport  
  26  3:13  Marine x2  
  28  3:21  SCV  
  29  3:34  Marine x2  
  31  3:36  SCV  
  31  3:38  SCV  
  31  3:40  Factory Tech Lab  
  33  3:42  Medivac  
  33  3:48  SCV  
  36  3:51  Marine x2  
  36  3:54  SCV  
  39  4:00  SCV  
  40  4:05  Command Center  
  40  4:08  SCV  
  41  4:13  Supply Depot  
  41  4:27  Factory Tech Lab  
  41  4:29  SCV  
  41  4:30  Barracks x2  
  42  4:33  Marine  
  42  4:36  SCV  
  42  4:45  SCV  
  42  4:47  Siege Tank  
  42  4:51  SCV, Marine  
  44  5:12  SCV  
  42  5:15  Marine  
  42  5:16  Medivac x2  
  42  5:18  Orbital Command  
  47  5:33  Marine  
  47  5:34  Liberator x2  
  46  5:51  Marine  
  46  5:52  SCV x2  
  46  5:54  SCV, Engineering Bay x2  
  56  5:58  Supply Depot  
  56  5:59  Barracks Tech Lab  
  56  6:01  Barracks Reactor x2  
  56  6:02  Stimpack  
  56  6:04  SCV  
  56  6:09  Marine  
  58  6:16  SCV x2  
  60  6:19  Refinery x2, Barracks x2  
  60  6:21  SCV  
  56  6:48  Orbital Command  
  56  6:51  Marine x5  
  56  6:52  Siege Tank, Medivac x2  
  56  6:53  SCV x2  
  66  7:08  Marine  
  66  7:09  Marine  
  68  7:16  Marine x3  
  68  7:22  SCV x2, Medivac  
  75  7:23  SCV  
  75  7:24  Siege Tank  
  75  7:26  Marine x2  
  81  7:31  Missile Turret x2  
  81  7:33  Missile Turret  
  81  7:34  SCV x2, Missile Turret, Marine  
  81  7:35  Missile Turret  
  81  7:36  SCV  
  85  7:37  Missile Turret  
  85  7:41  Missile Turret  
  85  7:42  Missile Turret, Marine x2  
  85  7:43  Missile Turret  
  87  7:44  Missile Turret  
  87  7:45  Missile Turret  
  87  7:52  SCV x2  
  87  7:55  Marine x2  
  87  7:56  Marine  
  87  7:58  Barracks Reactor  
  92  8:05  Marine x2  
  86  8:06  Siege Tank  
  90  8:16  SCV  
  89  8:29  Marine x4  
  89  8:30  Factory  
  93  8:35  Command Center  
  93  8:38  Supply Depot x2  
  93  8:39  Supply Depot  
  93  8:40  SCV x2  
  95  8:52  Marine x5  
Show
View Real Time Build Order
Export as new Build Order

MorN Terran 

Build Orders: Reaper Expand, MMM Bio 

Get SALT Encoding   

  12  0:00  SCV  
  13  0:12  SCV  
  14  0:21  Supply Depot  
  14  0:25  SCV  
  16  0:42  SCV  
  16  0:46  Barracks  
  16  0:51  Refinery  
  16  0:56  SCV  
  17  1:08  SCV  
  18  1:20  SCV  
  19  1:37  Reaper, Orbital Command  
  20  1:46  Command Center  
  20  2:04  SCV  
  20  2:05  Supply Depot  
  21  2:10  Reaper  
  21  2:17  SCV  
  21  2:18  Refinery  
  22  2:29  SCV  
  23  2:41  SCV  
  24  2:53  Barracks Reactor  
  24  2:55  SCV  
  25  2:59  Factory, Orbital Command  
  25  3:07  SCV  
  25  3:11  Barracks  
  26  3:14  Barracks  
  26  3:19  SCV  
  27  3:31  SCV  
  27  3:32  Marine x2  
  29  3:35  SCV  
  30  3:44  SCV  
  30  3:47  SCV  
  32  3:55  Hellion x2  
  36  3:56  SCV, Starport  
  36  3:57  Barracks Tech Lab  
  36  3:59  SCV  
  38  4:02  Engineering Bay  
  38  4:04  Barracks Reactor x2  
  38  4:08  SCV  
  39  4:11  SCV  
  39  4:14  Supply Depot  
  40  4:19  Stimpack  
  40  4:20  SCV  
  40  4:21  Hellion  
  40  4:23  Hellion  
  45  4:26  SCV  
  46  4:36  SCV  
  47  4:39  Marine  
  48  4:51  Missile Turret  
  48  4:57  Marine  
  46  5:06  Marine x2  
  46  5:07  Marine x2  
  39  5:15  Marine  
  39  5:18  Hellion x2  
  42  5:24  Marine x4  
  45  5:33  Marine  
  38  5:39  SCV  
  38  5:42  Marine x4  
  37  5:46  SCV  
  37  5:48  Starport Reactor  
  39  5:51  SCV, Marine  
  39  5:56  Terran Infantry Weapons Level 1  
  39  5:58  SCV  
  39  5:59  Factory Tech Lab  
  39  6:00  Marine x3  
  39  6:04  SCV  
  44  6:07  Marine  
  44  6:08  Marine  
  44  6:09  Medivac  
  44  6:10  SCV, Medivac  
  51  6:16  SCV  
  51  6:18  Reaper, Marine  
  54  6:22  Supply Depot  
  54  6:26  Command Center  
  54  6:28  Marine  
  54  6:33  SCV x2  
  49  6:40  Marine x3  
  49  6:46  Marine  
  50  6:50  Marine  
  51  6:57  Marine x2  
  51  6:58  Marine  
  53  7:04  Marine  
  53  7:07  Marine  
  55  7:11  Medivac  
  55  7:12  Command Center  
  55  7:15  Marine x3  
  57  7:22  Marine  
  61  7:25  Marine  
  61  7:29  Viking  
  62  7:35  Combat Shields  
  62  7:59  Supply Depot  
  62  8:19  Marine x4  
  62  8:20  SCV, Viking, Marine  
  53  8:37  Marine x5  
  53  8:38  Barracks  
  53  8:39  Barracks  
  57  8:55  Marine x5  
Tags
 
Add a new tag
Caveats
  • Supply blocks, unpowered buildings, or Contaminate may cause inaccurate times.
  • Supply counts are checked every 10 seconds.